 Dungeon Crawl Stone Soup version 0.26.1-11-gd32895ea62 (webtiles) character file.

Game seed: 9470735053594305412

50 jlumianski the Caller (level 3, -8/14 HPs)
             Began as a Felid Summoner on May 21, 2021.
             Was an Initiate of Vehumet.
             Shot with an arrow by a centaur (17 damage)
             ... on level 3 of the Dungeon.
             The game lasted 00:14:20 (3162 turns).

jlumianski the Caller (Felid Summoner)              Turns: 3162, Time: 00:14:20

Health: -8/14      AC:  1    Str:  4    XL:     3   Next: 55%
Magic:  17/17      EV: 18    Int: 17    God:    Vehumet [......]
Gold:   131        SH:  0    Dex: 16    Spells: 2/8 levels left
                                        Lives:  0   Deaths: 1

rFire    . . .     SeeInvis +   (weapon unavailable)
rCold    . . .     Faith    .   (shield unavailable)
rNeg     . . .     Spirit   .   (armour unavailable)
rPois    .         Reflect  .   (helmet unavailable)
rElec    .         Harm     .   (cloak unavailable)
rCorr    .         Rampage  .   (gloves unavailable)
Will     +....                  (boots unavailable)
Stlth    +++.......             (no amulet)
HPRegen  0.04/turn              h - ring of willpower
MPRegen  0.15/turn              n - ring of magical power

@: quick
A: very small, no armour, no weapons or thrown items, stealth, claws 1, fangs 3,
see invisible, speed 1, shaggy fur 1, sharp paws
a: Renounce Religion


You were on level 3 of the Dungeon.
You worshipped Vehumet.
Vehumet was noncommittal.
You visited 1 branch of the dungeon, and saw 3 of its levels.

You collected 131 gold pieces.

Inventory:

Jewellery
 h - a ring of willpower (left paw)
 n - a ring of magical power (right paw)
Wands
 i - a wand of acid (13)
Scrolls
 a - a scroll of remove curse
 e - a scroll of immolation {unknown}
 g - a scroll of enchant weapon {unknown}
 l - a scroll of identify {unknown}
 m - a scroll of teleportation
Potions
 b - a potion of magic {unknown}
 c - a potion of curing
 d - a potion of degeneration {unknown}
 f - a potion of lignification {unknown}
 j - 2 potions of might
 k - a potion of brilliance
 o - a potion of flight


   Skills:
 + Level 2.8 Dodging
 + Level 3.0 Stealth
 + Level 0.2 Unarmed Combat
 + Level 3.3 Spellcasting
 + Level 5.0 Summonings


You had 2 spell levels left.
You knew the following spells:

 Your Spells              Type           Power        Failure   Level
a - Summon Small Mammal   Summ           80%          2%          1
b - Call Imp              Summ           20%          3%          2
c - Call Canine Familiar  Summ           20%          6%          3

Your spell library contained the following spells:

 Spells                   Type           Power        Failure   Level
 Summon Guardian Golem    Hex/Summ       11%          19%         3
 Summon Ice Beast         Ice/Summ       11%          52%         4
 Summon Lightning Spire   Summ/Air       11%          52%         4


Dungeon Overview and Level Annotations

Branches:
Dungeon (3/15)

Altars:
Cheibriados
Qazlal
Vehumet

Annotations:
D:3 2 transporters, Sopht's ghost, amateur TrBe


Innate Abilities, Weirdness & Mutations

You cannot wear armour.
You are incapable of wielding weapons or throwing items.
Your paws allow you to move quietly. (Stealth)
You have sharp claws.
You have razor-sharp teeth.
You have supernaturally acute eyesight. (SInv)
You cover ground quickly.
You are covered in fur. (AC +1)
Your sharp claws are effective at attacking unaware monsters.


Message History

There is a stone staircase leading down here.
There is a stone staircase leading down here.
You swap places.
(D) Dungeon
Where to? (Enter - D:3, ? - help)
What level of the Dungeon? (default 1, ? - help)
You swap places.
There is a stone staircase leading down here.
You climb downwards.
Your summoned ally is left behind.
Level annotation: 2 transporters, Sopht's ghost, amateur TrBe The centaur shoots an arrow.
The arrow completely misses you.
The centaur shoots an arrow.
The arrow hits you.
The adder hisses angrily.
There is a stone staircase leading up here.
You see here 2 arrows.
The centaur shoots an arrow.
The arrow closely misses you. The goblin completely misses you.
The centaur shoots an arrow.
The arrow hits you!
Ouch! That really hurt!
You die...

........#.##...
........#....#
........#...#
............## #####
.......>$....###..!#
#..
........#.#..(<#.#.##..
###....##(.##...c#.#..
#..##. ##....g#.#.#.#
## ## ####.[@g#.#.#
####.#S....####.
.................
######.#....###.
#.#....### #.##.....#
#.##..#.....#####
#.....####..#....
#.....# #.#....


You could see a centaur, an adder and 2 goblins.

Vanquished Creatures
  A ball python (D:3)
  3 bats
  A hobgoblin (D:2)
  A frilled lizard (D:3)
  A goblin (D:2)
  2 kobolds
  3 rats
12 creatures vanquished.

Vanquished Creatures (collateral kills)
  An ogre (D:3)
  Terence (D:2)
  2 adders (D:2)
  A white imp (D:2)
  An adder zombie (D:2)
  A worm (D:2)
  A dart slug (D:2)
  A leopard gecko (D:2)
  5 goblins
  3 hobgoblins
  4 jackals (D:2)
  6 kobolds
  A ball python (D:2)
  3 bats
  5 frilled lizards
  2 rats
38 creatures vanquished.

Grand Total: 50 creatures vanquished

Notes
Turn   | Place    | Note
-------+----------+-------------------------------------------
     0 | D:1      | jlumianski the Felid Summoner began the quest for the Orb.
     0 | D:1      | Reached XP level 1. HP: 7/7 MP: 4/4
   774 | D:1      | Reached XP level 2. HP: 11/11 MP: 1/6
   851 | D:1      | Learned a level 2 spell: Call Imp
  1189 | D:2      | Found a snail-covered altar of Cheibriados.
  1750 | D:2      | Reached XP level 3. HP: 14/14 MP: 1/7
  1762 | D:2      | Learned a level 3 spell: Call Canine Familiar
  1914 | D:2      | Noticed Terence
  1938 | D:2      | Killed Terence
  2153 | D:2      | Found a radiant altar of Vehumet.
  2167 | D:2      | Became a worshipper of Vehumet
  2542 | D:3      | Noticed an ogre
  2548 | D:3      | Killed an ogre
  2549 | D:3      | Reached skill level 5 in Summonings
  2549 | D:3      | Reached XP level 4. HP: 18/18 MP: 0/9
  2633 | D:3      | Found a transporter.
  2691 | D:3      | Found a transporter.
  2693 | D:3      | Noticed Sopht's ghost (amateur TrBe)
  2810 | D:3      | Found a stormy altar of Qazlal.
  2817 | D:3      | Noticed a centaur
  3108 | D:2      | Slain by a worker ant
  3109 | D:2      | Reached XP level 3. HP: 0/14 MP: 16/17
  3162 | D:3      | Shot with an arrow by a centaur

Illustrated notes

Levels and vault maps discovered:
D:1:      dpeg_arrival_erosion, layout_loops_ring
D:2:      layout_basic, vehumet_crystals, kennysheep_slug_shrine, uniq_terence
D:3:      layout_rooms, nicolae_ru_sacrificial_ziggurat, tso_oasis_becter,
          nicolae_qazlal_eye_of_the_storm, gammafunk_ghost_mausoleum,
          minmay_fractal_squares_gapless_5

Skill      XL: |  1  2  3 |
---------------+----------+-----
Spellcasting   | 3 |  3.3
Stealth        | 3 |  3.0
Summonings     | 5 |  5.0
Dodging        | |  2.8
Unarmed Combat | |  0.2

Action                   |  1- 3 |  4- 6 || total
-------------------------+-------+-------++-------
Melee: Unarmed           |    37 |    14 ||    51
       Bite              |     1 |     1 ||     2
 Cast: Summon Small Mamm |    68 |     3 ||    71
       Call Imp          |    17 |       ||    17
       Call Canine Famil |     6 |     2 ||     8
  Use: Potion            |     1 |     3 ||     4
       Scroll            |     1 |     1 ||     2
 Stab: Sleeping          |     8 |       ||     8
Armor: Skin              |     6 |     3 ||     9
Dodge: Dodged            |    66 |    23 ||    89
